 Dungeon Crawl Stone Soup version 0.31-a0-774-g0d66cbabe8 (webtiles) character file.

Game seed: 14465237145722745069

3360 snarfax the Severer (level 9, -5/108 HPs)
             Began as a Minotaur Fighter on Sept 16, 2023.
             Was an Elder of Zin.
             Killed from afar by a gargoyle (12 damage)
             ... with a stone arrow
             ... on level 7 of the Dungeon on Sept 17, 2023.
             The game lasted 00:14:46 (5540 turns).

snarfax the Severer (Minotaur Fighter)              Turns: 5540, Time: 00:14:47

Health: -5/108     AC: 17    Str: 24    XL:     9   Next: 73%
Magic:  8/8        EV:  8    Int:  5    God:    Zin [****..]
Gold:   257        SH:  7    Dex: 11    Spells: 8/8 levels left

rFire   . . .        a - +3 war axe (protect)
rCold   . . .        c - +2 buckler
rNeg    . . .        t - +0 chain mail
rPois   .            (helmet restricted)
rElec   .            (no cloak)
rCorr   .            (no gloves)
SInv    .            p - +0 pair of boots
Will    +....        (no amulet) Stlth
                     z - ring of willpower
HPRegen 0.38/turn    (no ring)
MPRegen 0.11/turn

%: no passive effects
@: berserking, under a protective aura, very quick
A: horns 2, retaliatory headbutt
a: Renounce Religion, Recite, Vitalisation, Imprison, Donate Gold


You were on level 7 of the Dungeon.
You worshipped Zin.
Zin was greatly pleased with you.
You visited 2 branches of the dungeon, and saw 8 of its levels.
You also visited: Ossuary.

You collected 424 gold pieces.
You spent 90 gold pieces at shops.
You donated 77 gold pieces to Zin.

Inventory:

Hand Weapons
 a - a +3 war axe of protection (weapon)
Missiles
 f - 5 boomerangs (quivered)
 h - 2 poisoned darts
Armour
 b - a +0 scale mail
 c - a +2 buckler (worn)
 p - a +0 pair of boots (worn)
 t - a +0 chain mail (worn)
Jewellery
 g - a ring of wizardry
 v - a ring of protection from cold
 z - a ring of willpower (left hand)
Wands
 o - a wand of flame (27)
 B - a wand of iceblast (17)
Scrolls
 e - a scroll of amnesia
 s - a scroll of fear
 y - 2 scrolls of fog
 C - 2 scrolls of teleportation
Potions
 d - 2 potions of might
 i - 3 potions of enlightenment
 j - 2 potions of curing
 l - 2 potions of ambrosia
 m - 4 potions of cancellation
 n - 2 potions of invisibility {unknown}
 q - 2 potions of brilliance
 r - 3 potions of heal wounds
 u - 2 potions of haste
 w - 2 potions of attraction {unknown}
 A - 4 potions of mutation
 D - a potion of degeneration {unknown}


   Skills:
 + Level 4.7 Fighting
 + Level 15.4 Axes
 + Level 4.7 Armour
 + Level 4.7 Shields


You had 8 spell levels left.
You didn't know any spells.
Your spell library contained the following spells:

 Spells                   Type           Power      Damage    Failure   Level
 Apportation              Tloc           0%         N/A       98%         1
 Magic Dart               Conj           0%         1d3       98%         1
 Ensorcelled Hibernation  Hex/Ice        0%         N/A       99%         2
 Jinxbite                 Hex            0%         N/A       99%         2
 Passwall                 Tmut/Erth      0%         N/A       99%         2
 Searing Ray              Conj           0%         2d4       99%         2
 Hailstorm                Conj/Ice       0%         3d3       100%        3
 Summon Guardian Golem    Hex/Summ       0%         N/A       100%        3
 Swiftness                Air            0%         N/A       100%        3
 Fulminant Prism          Conj/Hex       0%         3d5       100%        4
 Summon Ice Beast         Ice/Summ       0%         N/A       100%        4
 Alistair's Intoxication  Tmut/Pois      0%         N/A       100%        5
 Simulacrum               Ice/Necr       0%         N/A       100%        6
 Haunt                    Necr/Summ      0%         N/A       100%        7
 Orb of Destruction       Conj           0%         9d5       100%        7
 Spellforged Servitor     Conj/Summ      0%         N/A       100%        7
 Borgnjor's Revivificati  Necr           0%         N/A       100%        8
 Death's Door             Necr           0%         N/A       100%        9


Dungeon Overview and Level Annotations

Branches:
Dungeon (7/15)             Temple (1/1) D:7         Ossuary (visited)

Altars:
Ashenzari
Gozag
Hepliaklqana
Kikubaaqudgha
Makhleb
Nemelex Xobeh
Qazlal
Sif Muna
Uskayaw
Vehumet
Xom
Zin

Shops:
D:1 (   D:5 [

Annotations:
D:3 2 transporters, ooooo's ghost, amateur OpCj
D:7 1 runed translucent door, Goober42's ghost, novice DECj


Innate Abilities, Weirdness & Mutations

You have a pair of horns on your head.
You reflexively headbutt those who attack you in melee.


Message History

The gargoyle is heavily damaged.
You hit the gargoyle but do no damage. You hit the gargoyle but do no damage.
You headbutt the gargoyle, but do no damage.
The gargoyle is heavily damaged.
You completely miss the gargoyle. The gargoyle closely misses you.
The gargoyle barely misses you.
You hit the gargoyle. You headbutt the gargoyle.
The gargoyle is severely damaged.
You slash the gargoyle!
The gargoyle hurls a stone arrow at you.
The stone arrow hits you!! You block the gargoyle's attack.
You feel much better. The gargoyle hits you with a +0 flail.
The gargoyle hits you with a +0 morningstar!!
You feel much better.
The gargoyle hurls a stone arrow at you.
The stone arrow hits you!!
* * * LOW HITPOINT WARNING * * *
The gargoyle hurls a stone arrow at you.
The stone arrow hits you!
* * * LOW HITPOINT WARNING * * *
A red film seems to cover your vision as you go berserk!
You feel yourself moving faster!
You feel mighty! You block the gargoyle's attack.
The gargoyle hits you with a +0 morningstar.
* * * LOW HITPOINT WARNING * * *
You hit the gargoyle.
The gargoyle is almost destroyed.
You hit the gargoyle. You block the gargoyle's attack.
The gargoyle hurls a stone arrow at you.
The stone arrow misses you.
You barely miss the gargoyle.
The gargoyle is almost destroyed.
You hit the gargoyle but do no damage. You slice the gargoyle!!
You destroy the gargoyle!
You hit the gargoyle but do no damage.
The gargoyle hurls a stone arrow at you.
The stone arrow hits you!
You die...

....(........# #......
#######......# #...>..
#......##############......
#...............#..........
#.......#######............
#.....###!### ###..........
#.....#8##'.+##(#..........
#######....###'.9...'###.........
........##.#8#..@)...# #.........
......#..............'##....##'##
......#..........8....##....#...#
......#..............+##....#...#
......#....#8#.......# #....#...#
......#....###'.....+###..[.#...#
......#.....#8##+.+## #.....##..#
......#####.### ## ###.######..#
..............#######...# #...


You could see a gargoyle.

Vanquished Creatures
  Pikel (D:6)
  A gargoyle (D:7)
  A kobold demonologist (D:5)
  A troll (D:6)
  A wyvern (D:7)
  2 wraiths (Ossuary)
  An orc warrior (D:5)
  4 ogres
  3 centaurs
  3 bullfrogs (D:7)
  2 scorpions (D:5)
  2 wights (Ossuary)
  A jelly (D:5)
  4 hounds
  A gnoll bouda (D:7)
  A sleepcap (D:4)
  6 orc priests
  5 iguanas
  5 orc wizards (D:5)
  3 gnolls (D:7)
  6 adders
  2 shadow imps
  2 ufetubi
  2 adder zombies (Ossuary)
  2 worms
  5 dart slugs
  24 orcs
  6 bats
  6 endoplasms
  2 giant cockroaches (D:1)
  5 goblins
  4 hobgoblins
  11 jackals
  3 quokkas
  9 ball pythons
  A ball python skeleton (Ossuary)
  5 frilled lizards
  2 hobgoblin skeletons (Ossuary)
  A hobgoblin zombie (Ossuary)
  6 kobolds
  3 kobold zombies (Ossuary)
  An orc skeleton (Ossuary)
  5 rats
161 creatures vanquished.

Notes
Turn   | Place    | Note
-------+----------+-------------------------------------------
     0 | D:1      | snarfax the Minotaur Fighter began the quest for the Orb.
     0 | D:1      | Reached XP level 1. HP: 19/19 MP: 0/0
   221 | D:1      | Reached skill level 3 in Axes
   258 | D:1      | Reached XP level 2. HP: 19/26 MP: 1/1
   453 | D:1      | Found Utedwug's Antique Weapon Boutique.
   539 | D:1      | Reached skill level 4 in Axes
   858 | D:2      | Reached XP level 3. HP: 30/31 MP: 2/2
   880 | D:2      | Found a hide-covered altar of Uskayaw.
  1106 | D:2      | Reached skill level 5 in Axes
  1218 | D:2      | Reached XP level 4. HP: 35/39 MP: 3/3
  1536 | D:3      | Found a transporter.
  1687 | D:3      | Noticed ooooo's ghost (amateur OpCj)
  1688 | D:3      | Found a transporter.
  1692 | D:3      | Identified the +1 scale mail of Undesirable Species
                  | {Rampage +Blink Will- Regen+}
  2035 | D:3      | Found a glowing silver altar of Zin.
  2036 | D:3      | Found Zin's Purification Station.
  2043 | D:3      | Bought a potion of curing for 90 gold pieces
  2125 | D:3      | Became a worshipper of Zin the Law-Giver
  2126 | D:3      | Donated 44 gold pieces to Zin
  2336 | D:3      | Reached * piety under Zin
  2435 | D:4      | Noticed an ogre
  2442 | D:4      | Killed an ogre
  2443 | D:4      | Reached skill level 6 in Axes
  2443 | D:4      | Reached XP level 5. HP: 42/45 MP: 4/4
  2469 | D:4      | Found a sand-covered staircase.
  2493 | D:4      | Reached skill level 7 in Axes
  2510 | Ossuary  | Entered an ossuary
  2603 | Ossuary  | Noticed a wraith
  2603 | Ossuary  | Noticed a flying skull
  2610 | Ossuary  | Noticed a flying skull
  2612 | Ossuary  | Noticed a flying skull
  2638 | Ossuary  | Noticed a flying skull
  2644 | Ossuary  | Noticed a wraith
  2649 | Ossuary  | Killed a wraith
  2650 | Ossuary  | Reached skill level 8 in Axes
  2650 | Ossuary  | Reached XP level 6. HP: 51/51 MP: 5/5
  2656 | Ossuary  | Noticed a flying skull
  2662 | Ossuary  | Noticed a wraith
  2672 | Ossuary  | Killed a wraith
  2673 | Ossuary  | Reached skill level 9 in Axes
  2692 | Ossuary  | Reached XP level 7. HP: 57/57 MP: 6/6
  2807 | D:4      | Reached skill level 10 in Axes
  3277 | D:5      | Entered Level 5 of the Dungeon
  3282 | D:5      | Reached ** piety under Zin
  3296 | D:5      | Reached skill level 11 in Axes
  3308 | D:5      | Reached XP level 8. HP: 34/64 MP: 7/7
  3586 | D:5      | Reached skill level 12 in Axes
  3676 | D:5      | Noticed a kobold demonologist
  3684 | D:5      | Killed a kobold demonologist
  3697 | D:5      | Reached skill level 13 in Axes
  3814 | D:5      | Found Enaiga's Armour Boutique.
  4144 | D:5      | Upgraded the game from 0.31-a0-771-g505c3d19dc to
                  | 0.31-a0-774-g0d66cbabe8
  4319 | D:6      | Noticed Pikel
  4321 | D:6      | Reached skill level 14 in Axes
  4321 | D:6      | Reached XP level 9. HP: 70/70 MP: 8/8
  4329 | D:6      | Noticed a troll
  4331 | D:6      | Killed Pikel
  4341 | D:6      | Killed a troll
  4342 | D:6      | Reached skill level 15 in Axes
  4382 | D:6      | Reached *** piety under Zin
  4883 | D:7      | Found a staircase to the Ecumenical Temple.
  4894 | Temple   | Entered the Ecumenical Temple
  5123 | D:7      | Found a sparkling altar of Nemelex Xobeh.
  5248 | D:7      | Found a runed translucent door.
  5249 | D:7      | Noticed Goober42's ghost (novice DECj)
  5249 | D:7      | Noticed a deep elf pyromancer
  5449 | D:7      | Reached **** piety under Zin
  5524 | D:7      | Noticed a gargoyle
  5527 | D:7      | Noticed a gargoyle
  5540 | D:7      | Killed a gargoyle
  5540 | D:7      | Killed from afar by a gargoyle

Illustrated notes

Levels and vault maps discovered:
D:1:      amcnicky_arrival_blooded_trapdoor, layout_loops_corners, serial_shops,
          shop, item_on_display_a
D:2:      layout_basic, basic_altar
D:3:      layout_loops_ring, zin_purify, gammafunk_ghost_stat_death
D:4:      layout_rooms, nicolae_ossuary_entry_false_entrances
D:5:      layout_basic, serial_shops, nicolae_shop_crystal
D:6:      layout_cave_pools, minmay_microvault, uniq_pikel
D:7:      cheibrodos_statue_roulette, layout_gridville,
          mainiacjoe_overflow_surrounded_room, minmay_temple_entry_overgrown,
          ebering_ghost_inner_flame, uniq_joseph
Temple:   hellmonk_temple_flake

Skill      XL: |  1  2  3  4  5  6  7  8  9 |
---------------+----------------------------+-----
Axes           | 3 4 5 6 8 9 11 14 15 | 15.4
Fighting       | 4 |  4.7
Armour         | 4 |  4.7
Shields        | 4 |  4.7

Action                     |  1- 3 |  4- 6 |  7- 9 || total
---------------------------+-------+-------+-------++-------
  Melee: War axe           |    89 |    78 |   212 ||   379
         Headbutt          |     9 |    15 |    45 ||    69
  Throw: Dart              |       |     2 |     6 ||     8
         Boomerang         |       |       |     2 ||     2
 Invoke: Donate Gold       |       |     1 |       ||     1
    Use: Scroll            |     5 |    10 |    10 ||    25
         Potion            |       |       |     3 ||     3
 Armour: Scale mail        |    58 |    37 |    41 ||   136
         Chain mail        |       |       |   106 ||   106
  Dodge: Dodged            |    52 |    29 |    57 ||   138
  Block: Buckler           |    27 |    12 |    43 ||    82

Table legend: (Time is in decaauts)
 A = Elapsed time spent in this place.
 B = Non-inter-level travel time spent in this place.
 C = Inter-level travel time spent in this place.
 D = Time resting spent in this place.
 E = Time spent auto-exploring this place.
 F = Levels seen in this place.
 G = Mean time per level.
                   A        B        C        D        E       F      G
               +--------+--------+--------+--------+--------+-----+--------+
         Total |   5558 |   5387 |    171 |    276 |   4025 |   9 |  617.6 |
       Dungeon |   5291 |   5120 |    171 |    276 |   3888 |   7 |  755.9 |
        Temple |      9 |      9 |      0 |      0 |      0 |   1 |    9.0 |
       Ossuary |    257 |    257 |      0 |      0 |    137 |   1 |  257.0 |
               +--------+--------+--------+--------+--------+-----+--------+

Top non-repeatable levels by time:
     D:3: 910 daAuts
     D:5: 874 daAuts
     D:1: 828 daAuts
     D:2: 732 daAuts
     D:6: 703 daAuts
     D:7: 647 daAuts
     D:4: 594 daAuts
 Ossuary: 257 daAuts
  Temple: 9 daAuts
